[ PARTIDA AOE2 · #474773402 ]
1v1 RMBritanos vs Inca
Equipo del jugador · DERR
Equipo rival · VICT
[ ANÁLISIS DE REPETICIÓN · EXTRAÍDO DE LA PARTIDA GRABADA ]
Feudal
11:48
Castillos
15:24
Imperial
35:28
| APM promedio | 36.5 |
| APM pico | 101 |
| eAPM promedio | 23.5 |
| Aldeanos / militares | 215 / 303 |
Foco
⚔️ 33.1% · 🌾 66.9%
Scout Cavalry ×152 · Longbowman ×128 · Militia ×7 · Trebuchet (Packed) ×6 · Monk ×3 · Spearman ×2
Feudal
10:56
Castillos
14:51
Imperial
33:27
| APM promedio | 55.9 |
| APM pico | 170 |
| eAPM promedio | 33.3 |
| Aldeanos / militares | 115 / 18 |
Foco
⚔️ 46.7% · 🌾 53.3%
Unknown (2550) ×752 · Trebuchet (Packed) ×16 · Unknown (1105) ×1 · Monk ×1 · Kamayuk ×1
Mapa de la partida
Recursos al inicio + cada clic de construcción. Línea gruesa = muro · recuadro discontinuo = muro de casas detectado. 🟡 oro · ⚪ piedra · 🟢 bayas · 🔶 jabalí · ⭕ reliquia
Tu base· Abierta — flanco sin cerrar
Base de Cyclone_T· Abierta — flanco sin cerrar
Terreno con relieve · ⚠ = hueco de muro detectado · pasá el cursor para detalles
Inputs por minuto
— CIit Beastwood - - Cyclone_T
Build order — CIit Beastwood
Primeras 150 de 525 acciones detectadas
| 0:02 | Construir | House |
| 0:02 | Crear | Villager (Male) |
| 0:02 | Crear | Villager (Male) |
| 0:04 | Construir | House |
| 0:37 | Crear | Villager (Male) |
| 0:37 | Crear | Villager (Male) |
| 1:22 | Crear | Villager (Male) |
| 1:50 | Crear | Villager (Male) |
| 1:53 | Construir | Lumber Camp |
| 2:15 | Crear | Villager (Male) |
| 2:29 | Crear | Villager (Male) |
| 2:42 | Crear | Villager (Male) |
| 3:16 | Crear | Villager (Male) |
| 3:16 | Crear | Villager (Male) |
| 3:52 | Construir | House |
| 3:53 | Construir | House |
| 3:54 | Construir | House |
| 4:00 | Crear | Villager (Male) |
| 4:45 | Construir | Mill |
| 4:53 | Crear | Villager (Male) |
| 4:53 | Crear | Villager (Male) |
| 5:43 | Crear | Villager (Male) |
| 5:44 | Crear | Villager (Male) |
| 5:44 | Crear | Villager (Male) |
| 6:02 | Crear | Villager (Male) |
| 7:02 | Crear | Villager (Male) |
| 7:02 | Crear | Villager (Male) |
| 7:56 | Construir | Farm |
| 8:01 | Construir | Mill |
| 8:04 | Crear | Villager (Male) |
| 8:08 | Crear | Villager (Male) |
| 8:44 | Crear | Villager (Male) |
| 8:59 | Construir | Mining Camp |
| 9:07 | Construir | Farm |
| 9:12 | Construir | Farm |
| 9:16 | Investigar | Feudal Age |
| 9:37 | Construir | Barracks |
| 9:38 | Construir | House |
| 9:39 | Construir | House |
| 9:59 | Construir | Farm |
| 10:57 | Crear | Villager (Male) |
| 10:57 | Crear | Villager (Male) |
| 11:10 | Construir | Farm |
| 11:13 | Construir | Farm |
| 11:22 | Construir | Farm |
| 11:48 | Edad | Edad Feudal |
| 11:49 | Construir | Market |
| 11:52 | Construir | Blacksmith |
| 11:56 | Construir | Farm |
| 12:44 | Investigar | Castle Age |
| 12:49 | Construir | Farm |
| 12:50 | Construir | Farm |
| 12:52 | Construir | Farm |
| 12:57 | Construir | House |
| 12:58 | Construir | House |
| 12:59 | Construir | House |
| 13:05 | Construir | House |
| 13:16 | Investigar | Double-Bit Axe |
| 13:57 | Crear | Spearman |
| 13:58 | Crear | Spearman |
| 14:04 | Crear | Villager (Male) |
| 14:09 | Investigar | Horse Collar |
| 14:12 | Investigar | Gold Mining |
| 14:35 | Construir | House |
| 15:24 | Edad | Edad de los Castillos |
| 15:25 | Construir | Town Center |
| 15:28 | Construir | Monastery |
| 15:33 | Crear | Villager (Male) |
| 15:49 | Investigar | Man-at-Arms (upgrade) |
| 15:53 | Crear | Militia |
| 15:53 | Crear | Militia |
| 15:54 | Crear | Militia |
| 15:57 | Crear | Monk |
| 15:59 | Crear | Villager (Male) |
| 16:20 | Investigar | Bow Saw |
| 16:21 | Crear | Villager (Male) |
| 16:25 | Construir | Town Center |
| 16:40 | Crear | Villager (Male) |
| 16:42 | Crear | Monk |
| 16:44 | Crear | Villager (Male) |
| 17:16 | Crear | Villager (Male) |
| 17:16 | Crear | Villager (Male) |
| 17:23 | Crear | Villager (Male) |
| 17:23 | Crear | Villager (Male) |
| 17:37 | Crear | Militia |
| 17:44 | Crear | Villager (Male) |
| 18:21 | Crear | Villager (Male) |
| 18:21 | Crear | Villager (Male) |
| 18:25 | Construir | Mining Camp |
| 18:28 | Construir | Farm |
| 18:29 | Construir | Farm |
| 18:29 | Construir | Farm |
| 18:29 | Construir | Farm |
| 19:01 | Crear | Villager (Male) |
| 19:02 | Crear | Villager (Male) |
| 19:05 | Crear | Villager (Male) |
| 19:05 | Crear | Villager (Male) |
| 19:12 | Construir | Farm |
| 19:13 | Construir | Farm |
| 19:13 | Construir | Farm |
| 19:13 | Construir | Farm |
| 19:13 | Construir | Farm |
| 19:14 | Construir | Farm |
| 19:14 | Construir | Farm |
| 19:16 | Crear | Villager (Male) |
| 19:16 | Crear | Villager (Male) |
| 19:31 | Crear | Militia |
| 19:37 | Crear | Villager (Male) |
| 19:40 | Construir | Farm |
| 20:07 | Crear | Villager (Male) |
| 20:07 | Crear | Villager (Male) |
| 20:08 | Crear | Villager (Male) |
| 20:11 | Construir | Farm |
| 20:25 | Construir | Farm |
| 20:26 | Crear | Villager (Male) |
| 20:26 | Crear | Villager (Male) |
| 20:30 | Crear | Villager (Male) |
| 20:38 | Construir | House |
| 20:39 | Construir | House |
| 20:42 | Construir | House |
| 20:43 | Construir | House |
| 20:49 | Crear | Villager (Male) |
| 20:50 | Crear | Villager (Male) |
| 20:52 | Crear | Villager (Male) |
| 21:02 | Construir | House |
| 21:04 | Construir | House |
| 21:05 | Construir | House |
| 21:14 | Construir | House |
| 21:18 | Crear | Villager (Male) |
| 21:18 | Crear | Villager (Male) |
| 21:19 | Crear | Villager (Male) |
| 21:38 | Construir | Town Center |
| 21:42 | Crear | Villager (Male) |
| 21:43 | Crear | Villager (Male) |
| 21:45 | Investigar | Wheelbarrow |
| 21:56 | Construir | Farm |
| 22:00 | Crear | Villager (Male) |
| 22:05 | Crear | Villager (Male) |
| 22:07 | Crear | Villager (Male) |
| 22:16 | Crear | Villager (Male) |
| 22:19 | Crear | Villager (Male) |
| 22:29 | Construir | Town Center |
| 22:31 | Crear | Villager (Male) |
| 22:32 | Crear | Villager (Male) |
| 22:33 | Crear | Villager (Male) |
| 22:38 | Construir | House |
| 22:39 | Construir | House |
| 22:45 | Construir | House |
| 22:54 | Construir | Farm |
| 22:58 | Construir | Farm |
Build order — Cyclone_T
Primeras 150 de 724 acciones detectadas
| 0:01 | Crear | Villager (Male) |
| 0:01 | Crear | Villager (Male) |
| 0:02 | Crear | Villager (Male) |
| 0:03 | Construir | House |
| 0:07 | Construir | House |
| 0:10 | Crear | Villager (Male) |
| 0:11 | Crear | Villager (Male) |
| 1:26 | Crear | Villager (Male) |
| 1:56 | Construir | Settlement |
| 2:04 | Crear | Villager (Male) |
| 2:05 | Crear | Villager (Male) |
| 2:05 | Crear | Villager (Male) |
| 2:46 | Crear | Villager (Male) |
| 3:00 | Crear | Villager (Male) |
| 3:43 | Crear | Villager (Male) |
| 3:59 | Crear | Villager (Male) |
| 4:10 | Crear | Villager (Male) |
| 4:29 | Construir | Settlement |
| 4:38 | Crear | Villager (Male) |
| 5:08 | Crear | Villager (Male) |
| 5:34 | Crear | Villager (Male) |
| 6:03 | Crear | Villager (Male) |
| 6:26 | Crear | Villager (Male) |
| 6:58 | Crear | Villager (Male) |
| 7:28 | Crear | Villager (Male) |
| 7:54 | Crear | Villager (Male) |
| 8:01 | Crear | Villager (Male) |
| 8:17 | Construir | Settlement |
| 8:24 | Construir | Settlement |
| 8:28 | Investigar | Feudal Age |
| 9:06 | Construir | Farm |
| 9:08 | Construir | Farm |
| 9:11 | Construir | Farm |
| 9:52 | Construir | Farm |
| 9:54 | Crear | Villager (Male) |
| 9:54 | Crear | Villager (Male) |
| 9:57 | Construir | Farm |
| 10:56 | Edad | Edad Feudal |
| 10:58 | Construir | Blacksmith |
| 11:00 | Construir | Market |
| 11:42 | Construir | Farm |
| 12:11 | Investigar | Castle Age |
| 12:14 | Construir | Farm |
| 12:18 | Construir | Farm |
| 12:37 | Construir | Farm |
| 13:06 | Construir | Farm |
| 13:40 | Construir | Settlement |
| 13:57 | Crear | Villager (Male) |
| 14:24 | Construir | Settlement |
| 14:40 | Construir | Barracks |
| 14:51 | Edad | Edad de los Castillos |
| 14:58 | Investigar | Double-Bit Axe |
| 14:58 | Investigar | Double-Bit Axe |
| 15:05 | Investigar | Scale Mail Armor |
| 15:08 | Crear | Villager (Male) |
| 15:36 | Investigar | Tech 1402 |
| 15:36 | Investigar | Tech 1402 |
| 15:40 | Construir | Barracks |
| 15:44 | Crear | Villager (Male) |
| 15:47 | Crear | Villager (Male) |
| 16:05 | Crear | Unit 2550 |
| 16:05 | Crear | Unit 2550 |
| 16:17 | Investigar | Bow Saw |
| 16:31 | Crear | Unit 2550 |
| 16:32 | Crear | Unit 2550 |
| 16:36 | Crear | Villager (Male) |
| 16:46 | Crear | Villager (Male) |
| 16:57 | Crear | Unit 2550 |
| 16:58 | Crear | Unit 2550 |
| 17:14 | Construir | Farm |
| 17:20 | Construir | Farm |
| 17:30 | Investigar | Squires |
| 17:30 | Investigar | Squires |
| 17:33 | Construir | Farm |
| 17:33 | Crear | Villager (Male) |
| 17:48 | Crear | Villager (Male) |
| 17:56 | Crear | Villager (Male) |
| 18:07 | Investigar | Tech 1351 |
| 18:23 | Construir | Farm |
| 18:28 | Crear | Unit 2550 |
| 18:28 | Crear | Unit 2550 |
| 18:29 | Crear | Unit 2550 |
| 18:33 | Construir | Farm |
| 18:40 | Crear | Villager (Male) |
| 18:43 | Construir | Siege Workshop |
| 18:46 | Construir | Farm |
| 18:57 | Crear | Unit 2550 |
| 18:58 | Crear | Unit 2550 |
| 19:02 | Construir | Farm |
| 19:03 | Construir | Farm |
| 19:05 | Construir | Farm |
| 19:11 | Crear | Villager (Male) |
| 19:20 | Crear | Unit 2550 |
| 19:20 | Crear | Unit 2550 |
| 19:20 | Crear | Unit 2550 |
| 19:45 | Construir | Farm |
| 19:47 | Construir | Farm |
| 19:48 | Crear | Villager (Male) |
| 19:49 | Crear | Villager (Male) |
| 20:00 | Crear | Unit 2550 |
| 20:00 | Crear | Unit 2550 |
| 20:03 | Crear | Villager (Male) |
| 20:15 | Crear | Villager (Male) |
| 20:28 | Crear | Villager (Male) |
| 20:31 | Construir | Monastery |
| 20:39 | Construir | Farm |
| 20:40 | Construir | Farm |
| 20:41 | Construir | Farm |
| 20:46 | Crear | Unit 2550 |
| 20:47 | Crear | Unit 2550 |
| 20:48 | Crear | Villager (Male) |
| 21:08 | Crear | Villager (Male) |
| 21:11 | Construir | House |
| 21:20 | Crear | Villager (Male) |
| 21:46 | Construir | House |
| 21:57 | Crear | Unit 1105 |
| 22:01 | Crear | Villager (Male) |
| 22:10 | Crear | Villager (Male) |
| 22:18 | Construir | Farm |
| 22:19 | Construir | House |
| 22:24 | Investigar | Chain Mail Armor |
| 22:24 | Investigar | Chain Mail Armor |
| 22:24 | Investigar | Chain Mail Armor |
| 22:28 | Construir | Farm |
| 22:45 | Crear | Villager (Male) |
| 22:47 | Crear | Unit 2550 |
| 22:48 | Crear | Unit 2550 |
| 23:05 | Construir | Farm |
| 23:19 | Crear | Unit 2550 |
| 23:20 | Crear | Unit 2550 |
| 23:20 | Crear | Unit 2550 |
| 23:20 | Crear | Unit 2550 |
| 23:43 | Crear | Unit 2550 |
| 23:43 | Crear | Unit 2550 |
| 23:43 | Crear | Unit 2550 |
| 23:50 | Construir | Farm |
| 23:51 | Crear | Villager (Male) |
| 23:51 | Crear | Villager (Male) |
| 24:00 | Crear | Unit 2550 |
| 24:00 | Crear | Unit 2550 |
| 24:01 | Crear | Unit 2550 |
| 24:16 | Construir | Farm |
| 24:17 | Crear | Villager (Male) |
| 24:17 | Crear | Villager (Male) |
| 24:20 | Construir | Town Center |
| 24:30 | Crear | Unit 2550 |
| 24:31 | Crear | Unit 2550 |
| 24:37 | Crear | Unit 2550 |
| 24:38 | Crear | Unit 2550 |
| 24:38 | Crear | Unit 2550 |
Cronología de la partida
| 9:37 | CIit Beastwood · first_building Barracks |
| 10:56 | Cyclone_T · age_up feudal |
| 11:48 | CIit Beastwood · age_up feudal |
| 14:40 | Cyclone_T · first_building Barracks |
| 14:51 | Cyclone_T · age_up castle |
| 15:24 | CIit Beastwood · age_up castle |
| 15:28 | CIit Beastwood · first_building Monastery |
| 18:43 | Cyclone_T · first_building Siege Workshop |
| 20:31 | Cyclone_T · first_building Monastery |
| 21:33 | CIit Beastwood · first_market_buy 100 wood |
| 22:03 | Cyclone_T · first_market_sell 100 food |
| 23:11 | CIit Beastwood · first_building Castle |
| 23:44 | CIit Beastwood · wall_segment Palisade Wall x1 |
| 28:57 | Cyclone_T · first_building Castle |
| 29:08 | Cyclone_T · first_market_buy 100 food |
| 30:45 | CIit Beastwood · first_building Siege Workshop |
| 33:27 | Cyclone_T · age_up imperial |
| 35:00 | CIit Beastwood · first_building Stable |
| 35:28 | CIit Beastwood · age_up imperial |
| 49:43 | CIit Beastwood · wall_segment Stone Wall x2 |
| 52:41 | CIit Beastwood · wall_segment Stone Wall x1 |
| 53:33 | CIit Beastwood · wall_segment Stone Wall x1 |
| 53:35 | CIit Beastwood · wall_segment Stone Wall x1 |
| 57:54 | CIit Beastwood · resign |
[ ANÁLISIS IA · 1 CRÉDITO ]
¿Qué pasó realmente en esta partida?
Wolo.gg analiza cada decisión: build order, eco, micro, errores típicos por bracket. Análisis personalizado por WhatsApp o Discord en 30 segundos.
Guía civ
Britanos
Guía mapa
Arena
Perfil
CIit Beastwood